 Dungeon Crawl Stone Soup version 0.29.0-4-gdea44cf6ec (webtiles) character file.

Game seed: 9282049490407784785

30 qw the Sneak (level 3, -4/23 HPs)
             Began as a Gargoyle Delver on Sept 10, 2022.
             Slain by a centaur (5 damage)
             ... on level 5 of the Dungeon.
             The game lasted 00:00:03 (101 turns).

qw the Sneak (Gargoyle Delver)                       Turns: 101, Time: 00:00:04

Health: -4/23      AC:  6    Str: 17    XL:     3   Next: 18%
Magic:  3/3        EV: 11    Int: 10    God:
Gold:   0          SH:  0    Dex: 11    Spells: 2/2 levels left

rFire   . . .      SeeInvis .   a - +0 hand axe
rCold   . . .      Faith    .   (no shield)
rNeg    + . .      Spirit   .   b - +0 leather armour
rPois   inf        Reflect  .   (no helmet)
rElec   +          Harm     .   (no cloak)
rCorr   .          Rampage  .   (no gloves)
Will    .....                   (no boots)
Stlth   +++.......              (no amulet)
HPRegen 0.07/turn               (no ring)
MPRegen 0.08/turn               (no ring)

@: no status effects
A: sickness immunity, AC +3, negative energy resistance 1, electricity
resistance, torment resistance 1, petrification resistance
a: no special abilities


You were on level 5 of the Dungeon.
You visited 1 branch of the dungeon, and saw 1 of its levels.


Innate Abilities, Weirdness & Mutations

You are immune to sickness and miasma.
Your stone body is resilient. (AC +3)
You are immune to poison.
You resist negative energy. (rN+)
You are resistant to electric shocks. (rElec)
You are resistant to unholy torment.
You are immune to petrification.


   Skills:
 - Level 3.2 Fighting
 + Level 3.2 Axes
 - Level 1.5 Dodging
 - Level 5.4 Stealth


You had 2 spell levels left.
You didn't know any spells.
Your spell library was empty.

Inventory:

Hand Weapons
 a - a +0 hand axe (weapon)
Armour
 b - a +0 leather armour (worn)
Wands
 g - a wand of digging (3)
Scrolls
 c - a scroll of fog
 d - a scroll of magic mapping
 e - a scroll of fear
 i - a scroll of noise {unknown}
 j - a scroll of summoning {unknown}
Potions
 f - a potion of haste
 h - a potion of curing {unknown}
 k - a potion of flight {unknown}

Dungeon Overview and Level Annotations

Branches:
Dungeon (5/15)
 Temple: D:4-7

Altars:

Portals:
Sewer: D:5


Message History

You have reached level 2!
You have reached level 3!
Your experience leads to an increase in your attributes!
Increase (S)trength, (I)ntelligence, or (D)exterity?
You feel stronger. x2
You start resting.
A centaur comes into view.
90 ||| Stepping ~*~*~tactically~*~*~ (stealth).
You start resting.
A centaur is nearby!
You see here a hound corpse.
Found a glowing drain.
Found a stone staircase leading up.
The centaur hits you. The centaur completely misses you.
You hit the centaur.
The centaur is lightly wounded.
The centaur hits you but does no damage.
The centaur kicks you but does no damage.
You barely miss the centaur.
The centaur is lightly wounded.
The centaur hits you but does no damage.
The centaur barely misses you. x3
You hit the centaur.
The centaur is moderately wounded.
You hear the slow rusting of a drain very nearby.
The centaur hits you.
The centaur kicks you but does no damage.
The centaur hits you but does no damage.
The centaur kicks you but does no damage.
You hit the centaur.
The centaur is heavily wounded.
The adder hisses angrily.
You hear an angry hiss.
The centaur hits you. The centaur kicks you.
You slash the centaur!
The centaur is severely wounded.
The centaur completely misses you. The centaur barely misses you.
The centaur hits you. The centaur misses you.
You hit the centaur.
The centaur is almost dead.
The centaur hits you but does no damage.
The centaur kicks you. The centaur hits you.
You die...

#~\~#..#
.#~~S#..##
.#~SS#...<
.#####...
.......
#.#..#
#...c# ##
#.@# #.
##.#####
#.
#%#...##
#..###.#.#
#....#.#.#
##.#.#.#.#
##...##.#
##.###.#
#.# #.#


You could see a centaur and 3 adders.

Vanquished Creatures
  A hound (D:5)
1 creature vanquished.

Notes
Turn   | Place    | Note
-------+----------+-------------------------------------------
     0 | D:5      | qw the Gargoyle Delver began the quest for the Orb.
     0 | D:5      | Reached XP level 1. HP: 14/14 MP: 1/1
     0 | D:5      | 0 ||| qw: Version: 0.1-a-116-g5d60599
     0 | D:5      | 0 ||| qw: Game counter: 8280
     0 | D:5      | 0 ||| qw: Always use a shield: true
     0 | D:5      | 0 ||| qw: God list: Okawaru
     0 | D:5      | 0 ||| qw: Allow faded altars: false
     0 | D:5      | 0 ||| qw: Do Orc after D:15 true
     0 | D:5      | 0 ||| qw: Do second Lair branch before Depths: true
     0 | D:5      | 0 ||| qw: Lair rune preference: random
     0 | D:5      | 0 ||| qw: Plans: Normal
     0 | D:5      | 0 ||| PLANNING D:1-11
    53 | D:5      | Noticed a hound
    54 | D:5      | 54 ||| Stepping ~*~*~tactically~*~*~ (stealth).
    57 | D:5      | 57 ||| Stepping ~*~*~tactically~*~*~ (stealth).
    78 | D:5      | Killed a hound
    79 | D:5      | Reached skill level 3 in Axes
    79 | D:5      | Reached XP level 2. HP: 9/19 MP: 2/2
    79 | D:5      | Reached XP level 3. HP: 11/23 MP: 3/3
    89 | D:5      | Noticed a centaur
    90 | D:5      | 90 ||| Stepping ~*~*~tactically~*~*~ (stealth).
    95 | D:5      | Found a glowing drain.
   100 | D:5      | HP: 3/23 [centaur (4)]
   101 | D:5      | HP: 1/23 [centaur (2)]
   101 | D:5      | Slain by a centaur

Levels and vault maps discovered:
D:5:      layout_loops_ring, nicolae_overflow_crystal_walls,
          nicolae_vehumet_altar_sigil, nicolae_qazlal_style_of_elements,
          minmay_temple_entry_poolview, gup_sewer_entry_glass

Skill      XL: |  1 |
---------------+----+-----
Axes           | 3 |  3.2
Fighting       | |  3.2
Dodging        | |  1.5
Stealth        | |  5.4

Action                   || total
-------------------------++-------
Melee: Hand axe          ||    17
Armor: Leather armour    ||    13
Dodge: Dodged            ||    14

Table legend:
 A = Non-vault XP
 B = Vault XP
 C = Vault XP percentage of total XP
 D = Non-vault monster count
 E = Vault monster count
 F = Vault count percentage of total count
                 A         B        C        D         E       F
            +---------+---------+-------+---------+---------+-------
      Total |      43 |       0 |   0.0 |       1 |       0 |   0.0
            +---------+---------+-------+---------+---------+-------
        D:5 |      43 |       0 |   0.0 |       1 |       0 |   0.0
            +---------+---------+-------+---------+---------+-------
